 Dungeon Crawl Stone Soup version 0.30-a0-691-g754fce4c43 (webtiles) character file.

Game seed: 3558412911539890252

53 Sabo the Firebug (level 3, -7/21 HPs)
             Began as an Octopode Fire Elementalist on Jan 19, 2023.
             Was an Initiate of Dithmenos.
             Splashed by a jelly's acid (10 damage)
             ... on level 2 of the Dungeon.
             The game lasted 00:11:36 (2320 turns).

Sabo the Firebug (Octopode Fire Elementalist)       Turns: 2320, Time: 00:11:36

Health: -7/21      AC:  1    Str:  7    XL:     3   Next: 89%
Magic:  3/6        EV: 13    Int: 19    God:    Dithmenos [......]
Gold:   89         SH:  0    Dex: 12    Spells: 5/6 levels left

rFire   . . .      SeeInvis .    n - +0 short sword
rCold   . . .      Faith    .    (no shield)
rNeg    . . .      Spirit   .    (helmet restricted)
rPois   .          Reflect  .    (no amulet)
rElec   .          Harm     .    (no ring)
rCorr   .          Rampage  .    (no ring)
Will    .....                    (no ring)
Stlth   +++                      (no ring)
HPRegen 0.23/turn                (no ring)
MPRegen 0.10/turn                (no ring)
                                 (no ring)
                                 (no ring)

@: no status effects
A: almost no armour, amphibious, 8 rings, camouflage 1, gelatinous body 1,
(nimble swimmer 1), tentacles
a: Renounce Religion


You were on level 2 of the Dungeon.
You worshipped Dithmenos.
Dithmenos was noncommittal.
You visited 1 branch of the dungeon, and saw 2 of its levels.

You collected 89 gold pieces.

Inventory:

Hand Weapons
 n - a +0 short sword (weapon)
Scrolls
 a - a scroll of teleportation {unknown}
 f - 2 scrolls of identify {unknown}
 g - 4 scrolls of enchant weapon {unknown}
 i - a scroll of magic mapping {unknown}
 j - a scroll of immolation {unknown}
 l - a scroll of fog {unknown}
 m - a scroll of torment {unknown}
Potions
 b - a potion of attraction {unknown}
 d - 3 potions of curing {unknown}
 e - a potion of brilliance {unknown}
 h - a potion of heal wounds {unknown}
 k - a potion of resistance


   Skills:
 + Level 0.2 Fighting
 + Level 2.4 Dodging
 + Level 3.2 Stealth
 + Level 2.2 Spellcasting
 + Level 1.5 Conjurations
 + Level 3.7 Fire Magic


You had 5 spell levels left.
You knew the following spells:

 Your Spells              Type           Power      Damage    Failure   Level
a - Foxfire               Conj/Fire      48%        2x1d6     5%          1

Your spell library contained the following spells:

 Spells                   Type           Power      Damage    Failure   Level
 Scorch                   Fire           32%        2d7       5%          2
 Static Discharge         Conj/Air       8%         2-3/arc   19%         2
 Inner Flame              Hex/Fire       9%         N/A       22%         3
 Kindle Blastsparks       Fire/Tloc/Air  12%        2d11      30%         3
 Vhi's Electric Charge    Tloc/Air       4%         N/A       45%         3
 Flame Wave               Conj/Fire      12%        2d6       50%         4
 Arcjolt                  Conj/Air       2%         1d12      98%         5
 Lightning Bolt           Conj/Air       2%         1d13      98%         5


Dungeon Overview and Level Annotations

Branches:
Dungeon (2/15)

Altars:
Dithmenos


Innate Abilities, Weirdness & Mutations

You cannot wear most types of armour.
You are amphibious.
You can wear up to eight rings at the same time.
Your skin changes colour to match your surroundings (Stealth+).
Your rubbery body absorbs attacks. (AC +1, EV +1)
((You are camouflaged when in or above water. (Stealth+)))
You have tentacles for arms and can constrict up to eight enemies at once.


Message History

Casting: Foxfire (safe; 5% risk of failure)
Confirm with . or Enter, or press ? or * to list all spells.
You conjure some foxfire!
The endoplasm quivers.
The foxfire hits the jelly.
The jelly is moderately wounded.
You see here a +0 dagger.
There is an open door here.
Casting: Foxfire (safe; 5% risk of failure)
Confirm with . or Enter, or press ? or * to list all spells.
You conjure some foxfire!
The endoplasm quivers.
Unknown command.
The foxfire hits the jelly.
The jelly is heavily wounded.
The jelly hits the fungus.
The fungus begins to die.
The fungus is splashed with acid.
You see here a +0 dagger.
The jelly hits the fungus.
The fungus is splashed with acid.
There is an open door here.
Casting: Foxfire (safe; 5% risk of failure)
Confirm with . or Enter, or press ? or * to list all spells.
You conjure some foxfire!
You hit the jelly.
Your tentacles burn!
The jelly is almost dead.
The foxfire hits the jelly.
The jelly is moderately wounded.
The endoplasm hits the fungus.
The fungus begins to die.
The jelly hits you.
You are splashed with acid!
* * * LOW HITPOINT WARNING * * *
The endoplasm quivers.
The endoplasm quivers.
You hit the jelly.
Your tentacles burn!
* * * LOW HITPOINT WARNING * * *
The jelly is almost dead.
The endoplasm quivers.
The endoplasm hits the fungus.
The jelly hits you.
* * * LOW HITPOINT WARNING * * *
You are splashed with acid!
You die...

### ####<.....
##########:÷÷..J##.#########...#.
........##P..P..#.#.#....###..##.
.#########.÷J...#.#.#.....##).##.
.# #PPPPJJ#.#'#......)).##. .#
#..÷..J#.#........)..##. .#
#.P.PJP#.#........'.###. .#
#....JJ#v#.......##.# #. .#
#....JP@##......##### #.
.#########.....J################.
........######## ####......
.########### #.######.. .# #..<#
#.# #.# .# #.#.## #.# #.#
.#######....######## #.# #.#
..................># ###.### #.#
#######.....######.# #.....# #.#


You could see 2 jellies and 8 endoplasms.

Vanquished Creatures
  A worm (D:2)
  5 endoplasms (D:1)
  3 giant cockroaches (D:1)
  5 goblins
  2 hobgoblins (D:1)
  10 kobolds
  4 quokkas (D:1)
  5 ball pythons (D:1)
  4 bats
  4 frilled lizards
  3 rats
46 creatures vanquished.

Vanquished Creatures (others)
  94 foxfires
  9 toadstools (D:2)
103 creatures vanquished.

Grand Total: 149 creatures vanquished

Notes
Turn   | Place    | Note
-------+----------+-------------------------------------------
     0 | D:1      | Sabo the Octopode Fire Elementalist began the quest for the
                  | Orb.
     0 | D:1      | Reached XP level 1. HP: 11/11 MP: 3/3
    95 | D:1      | Reached XP level 2. HP: 3/17 MP: 1/5
   675 | D:1      | Reached XP level 3. HP: 21/21 MP: 2/6
  1776 | D:2      | Found a shadowy altar of Dithmenos.
  1872 | D:2      | Became a worshipper of Dithmenos the Shadowed
  2320 | D:2      | Splashed by a jelly's acid

Illustrated notes

Levels and vault maps discovered:
D:1:      dpeg_arrival_another_circle, layout_basic, bh_walls_and_bars
D:2:      cheibrodos_fertilizer, layout_loops_ring, basic_altar

Skill      XL: |  1  2 |
---------------+-------+-----
Stealth        | 3 |  3.2
Fighting       | |  0.2
Dodging        | |  2.4
Spellcasting   | |  2.2
Conjurations   | |  1.5
Fire Magic     | |  3.7

Action                   || total
-------------------------++-------
Melee: Unarmed           ||     8
       Tentacles         ||     3
       Constrict         ||     6
       Dagger            ||    10
       Short sword       ||     2
 Cast: Foxfire           ||    59
  Use: Potion            ||     1
 Stab: Sleeping          ||     1
Armor: Skin              ||     6
Dodge: Dodged            ||    25

Table legend: (Time is in decaauts)
 A = Elapsed time spent in this place.
 B = Non-inter-level travel time spent in this place.
 C = Inter-level travel time spent in this place.
 D = Time resting spent in this place.
 E = Time spent auto-exploring this place.
 F = Levels seen in this place.
 G = Mean time per level.
                   A        B        C        D        E       F      G
               +--------+--------+--------+--------+--------+-----+--------+
         Total |   2318 |   2318 |      0 |    765 |      0 |   2 | 1159.0 |
       Dungeon |   2318 |   2318 |      0 |    765 |      0 |   2 | 1159.0 |
               +--------+--------+--------+--------+--------+-----+--------+

Top non-repeatable levels by time:
     D:1: 1535 daAuts
     D:2: 783 daAuts
